 Dungeon Crawl Stone Soup version 0.29.0-4-gdea44cf6ec (webtiles) character file.

Game seed: 14756809182920211359

14 qw the Vexing (level 2, 0/27 HPs)
             Began as an Ogre Enchanter on Sept 4, 2022.
             Slain by a bat (1 damage)
             ... on level 1 of the Dungeon.
             The game lasted 00:00:17 (386 turns).

qw the Vexing (Ogre Enchanter)                       Turns: 386, Time: 00:00:18

Health: 0/27       AC:  3    Str: 11    XL:     2   Next: 45%
Magic:  5/5        EV:  9    Int: 16    God:
Gold:   23         SH:  0    Dex:  9    Spells: 5/5 levels left

rFire   . . .      SeeInvis .   e - +0 club
rCold   . . .      Faith    .   (no shield)
rNeg    . . .      Spirit   .   b - +0 robe
rPois   .          Reflect  .   (helmet restricted)
rElec   .          Harm     .   (no cloak)
rCorr   .          Rampage  .   (gloves unavailable)
Will    .....                   (boots unavailable)
Stlth   ++........              (no amulet)
HPRegen 0.09/turn               (no ring)
MPRegen 0.09/turn               (no ring)

@: no status effects
A: large, unfitting armour, tough skin 1
a: no special abilities


You were on level 1 of the Dungeon.
You visited 1 branch of the dungeon, and saw 2 of its levels.

You collected 23 gold pieces.


Innate Abilities, Weirdness & Mutations

You are too large for most types of armour.
You have tough skin. (AC +1)


   Skills:
 - Level 1.1 Fighting
 - Level 0.8 Short Blades
 + Level 1.7 Axes
 - Level 1.7 Dodging
 - Level 2.1 Stealth
 - Level 2.4 Spellcasting
 - Level 2.6 Hexes


You had 5 spell levels left.
You didn't know any spells.
Your spell library contained the following spells:

 Spells                   Type           Power      Damage    Failure   Level
 Ensorcelled Hibernation  Hex/Ice        12%        N/A       17%         2
 Confusing Touch          Hex            10%        N/A       21%         3
 Tukima's Dance           Hex            10%        N/A       21%         3
 Dazzling Flash           Conj/Hex       12%        N/A       34%         3

Inventory:

Hand Weapons
 e - a +0 club (weapon)
Armour
 b - a +0 robe (worn)
Potions
 d - a potion of lignification {unknown}

Dungeon Overview and Level Annotations

Branches:
Dungeon (2/15)

Altars:


Message History

The quokka closely misses you.
376 ||| Stepping ~*~*~tactically~*~*~ (outnumbered).
The quokka attacks as you move away!
The quokka bites you but does no damage.
The endoplasm attacks as you move away!
The endoplasm hits you but does no damage.
The bat completely misses you.
377 ||| Stepping ~*~*~tactically~*~*~ (outnumbered).
The bat hits you. The bat hits you but does no damage. The quokka bites you.
You closely miss the bat. The bat hits you but does no damage.
The bat hits you. The bat misses you. The bat hits you but does no damage.
The quokka closely misses you.
The quokka bites you but does no damage.
You hit the endoplasm.
You kill the endoplasm!
The bat hits you but does no damage. The bat closely misses you. x2
The bat hits you. The bat hits you but does no damage.
The quokka barely misses you.
You barely miss the bat.
The bat hits you but does no damage. x2; The quokka bites you.
The rat barely misses you.
381 ||| Stepping ~*~*~tactically~*~*~ (outnumbered).
Found 13 gold pieces.
The bat completely misses you. The bat hits you. The quokka barely misses you.
You closely miss the quokka. The bat hits you but does no damage.
The bat barely misses you. The bat hits you. The quokka bites you.
The rat bites you.
You barely miss the bat. The bat barely misses you.
The bat hits you but does no damage. The bat closely misses you.
The quokka barely misses you. The rat barely misses you. The quokka bites you.
384 ||| Stepping ~*~*~tactically~*~*~ (outnumbered).
The bat attacks as you move away! The bat barely misses you.
The bat barely misses you. The bat hits you but does no damage.
You miss the bat. The bat hits you but does no damage.
The quokka barely misses you. The bat hits you but does no damage.
You barely miss the bat. The bat hits you but does no damage. The bat hits you.
You die...

#..........# # ###.[........#.#.
#................
#.............. ##
#..............
...###.....>.......
#..................
#.....rbr..........
#.....b@#####...... ........#
...... ......... ###..#
.......$## .#######
#....(......... ... #......
........##.#### .... ..#####
...#.........#######.... #.#~~~#
...#......####)..........#.#~~~#
..........####)##........#.#S~~#


You could see a quokka, 2 bats and a rat.

Vanquished Creatures
  A bat (D:1)
  3 endoplasms (D:1)
  3 goblins (D:1)
  A kobold (D:1)
  3 ball pythons
  A frilled lizard (D:1)
12 creatures vanquished.

Notes
Turn   | Place    | Note
-------+----------+-------------------------------------------
     0 | D:1      | qw the Ogre Enchanter began the quest for the Orb.
     0 | D:1      | Reached XP level 1. HP: 16/16 MP: 3/3
     0 | D:1      | 0 ||| qw: Version: 0.1-a-103-gd6f5d3a
     0 | D:1      | 0 ||| qw: Game counter: 5471
     0 | D:1      | 0 ||| qw: Always use a shield: true
     0 | D:1      | 0 ||| qw: God list: Okawaru
     0 | D:1      | 0 ||| qw: Allow faded altars: false
     0 | D:1      | 0 ||| qw: Do Orc after D:15 true
     0 | D:1      | 0 ||| qw: Do second Lair branch before Depths: true
     0 | D:1      | 0 ||| qw: Lair rune preference: random
     0 | D:1      | 0 ||| qw: Plans: Normal
     0 | D:1      | 0 ||| PLANNING D:1-11
     3 | D:1      | Noticed an electric eel
     4 | D:1      | Noticed an electric eel
    53 | D:1      | Reached skill level 1 in Axes
   176 | D:1      | 176 ||| Stepping ~*~*~tactically~*~*~ (stealth).
   179 | D:1      | 179 ||| Stepping ~*~*~tactically~*~*~ (outnumbered).
   180 | D:1      | 180 ||| Stepping ~*~*~tactically~*~*~ (outnumbered).
   182 | D:1      | 182 ||| Stepping ~*~*~tactically~*~*~ (outnumbered).
   189 | D:1      | Reached skill level 1 in Fighting
   189 | D:1      | Reached XP level 2. HP: 21/27 MP: 5/5
   197 | D:1      | 197 ||| Stepping ~*~*~tactically~*~*~ (stealth).
   274 | D:1      | 274 ||| SWAPPING to +0 club.
   275 | D:1      | 275 ||| DROPPING +1 dagger.
   296 | D:1      | 296 ||| Stepping ~*~*~tactically~*~*~ (stealth).
   323 | D:1      | You fall into a shaft and drop 1 floor!
   324 | D:2      | 324 ||| DROPPING 2 potions of invisibility.
   374 | D:1      | 374 ||| Stepping ~*~*~tactically~*~*~ (outnumbered).
   376 | D:1      | 376 ||| Stepping ~*~*~tactically~*~*~ (outnumbered).
   377 | D:1      | 377 ||| Stepping ~*~*~tactically~*~*~ (outnumbered).
   381 | D:1      | 381 ||| Stepping ~*~*~tactically~*~*~ (outnumbered).
   382 | D:1      | HP: 4/27 [quokka (4)]
   383 | D:1      | HP: 1/27 [quokka (1)]
   384 | D:1      | 384 ||| Stepping ~*~*~tactically~*~*~ (outnumbered).
   386 | D:1      | Slain by a bat

Levels and vault maps discovered:
D:1:      arrival_aquarium_b, layout_rooms
D:2:      layout_rooms, hellmonk_ecumenical_altar_blasted, nrook_mini_backslash

Skill      XL: |  1 |
---------------+----+-----
Axes           | 1 |  1.7
Fighting       | 1 |  1.1
Short Blades   | |  0.8
Dodging        | |  1.7
Stealth        | |  2.1
Spellcasting   | |  2.4
Hexes          | |  2.6

Action                   || total
-------------------------++-------
Melee: Dagger            ||    28
       Club              ||    29
Armor: Robe              ||    32
Dodge: Dodged            ||    45

Table legend:
 A = Non-vault XP
 B = Vault XP
 C = Vault XP percentage of total XP
 D = Non-vault monster count
 E = Vault monster count
 F = Vault count percentage of total count
                 A         B        C        D         E       F
            +---------+---------+-------+---------+---------+-------
      Total |      21 |       0 |   0.0 |      12 |       0 |   0.0
            +---------+---------+-------+---------+---------+-------
        D:1 |      19 |       0 |   0.0 |      11 |       0 |   0.0
        D:2 |       2 |       0 |   0.0 |       1 |       0 |   0.0
            +---------+---------+-------+---------+---------+-------
